Map: Pendiente de Agustín EE

Players

TATORREA - Winner!

  • Race: Protoss Protoss
  • League: Gold
  • Spawn Location: 12:00

tigro - Winner!

  • Race: Terran Terran
  • League: Bronze
  • Spawn Location: 12:00

MrFercho - Winner!

  • Race: Zerg Zerg
  • League: Silver
  • Spawn Location: 11:00

TuKchero

  • Race: Protoss Protoss
  • Spawn Location: 6:00

Arostegui

  • Race: Protoss Protoss
  • Spawn Location: 6:00

GIAN

  • Race: Protoss Protoss
  • Spawn Location: 5:00

VOD

Have the link to the VOD?

Description

Time

  • Played on: July 5, 2020, 9:46 p.m.
  • Length: 18:11
Show
View Real Time Build Order
Export as new Build Order

TATORREA Protoss - Winner!

Build Orders:  

Get SALT Encoding   

  12  0:01  Probe  
  13  0:13  Probe  
  14  0:20  Pylon  
  14  0:25  Probe  
  15  0:38  Probe  
  15  0:41  Gateway  
  16  0:50  Probe  
  17  1:02  Assimilator, Probe  
  18  1:43  Zealot  
Show
View Real Time Build Order
Export as new Build Order

tigro Terran - Winner!

Build Orders:  

Get SALT Encoding   

  12  0:03  SCV  
  13  0:15  SCV  
  14  0:22  Supply Depot  
  14  0:27  SCV  
  15  0:34  Refinery  
  15  0:43  SCV  
  16  0:53  Barracks  
  16  0:55  SCV  
  17  1:01  Refinery  
  17  1:07  SCV  
  18  1:16  Supply Depot  
  18  1:19  SCV  
  19  1:55  Factory  
Show
View Real Time Build Order
Export as new Build Order

MrFercho Zerg - Winner!

Build Orders: Pool First 

Get SALT Encoding   

  12  0:01  Drone  
  13  0:11  Drone  
  14  0:28  Spawning Pool  
  13  0:34  Overlord  
  13  0:37  Drone  
  14  0:55  Drone x2  
  16  1:04  Drone  
  16  1:08  Extractor  
  16  1:23  Drone x2  
  16  1:24  Queen  
  20  1:29  Drone  
  21  1:39  Drone  
  22  2:00  Metabolic Boost  
  22  2:22  Hatchery  
  21  2:24  Hatchery  
  21  2:27  Hatchery  
  21  2:28  Drone x3  
  22  2:44  Hatchery  
  21  3:01  Zergling x2  
  21  3:02  Overlord  
  21  3:03  Overlord x2  
  22  3:21  Zergling x8  
  26  3:37  Drone x3  
  29  3:49  Drone x2  
  29  3:50  Drone x5  
  36  3:55  Queen  
  36  3:56  Queen  
  36  3:57  Queen  
  36  3:59  Zergling x8  
  46  4:12  Zergling x2  
  46  4:13  Zergling x10  
  52  4:29  Extractor, Drone  
  52  4:30  Drone x4  
  56  4:33  Zergling x8  
  56  4:34  Zergling x6  
  56  4:37  Extractor  
  62  4:46  Zergling x12  
  68  4:55  Evolution Chamber  
  67  5:02  Zergling x8, Evolution Chamber  
  70  5:08  Overlord  
  70  5:09  Overlord x5  
  68  5:45  Zergling x8  
  68  5:46  Zergling x30  
  85  5:58  Zergling x8  
  73  6:19  Lair  
  68  6:27  Drone x7  
  68  6:28  Drone x6  
  68  6:29  Extractor  
  68  6:31  Zerg Melee Weapons Level 1  
  77  6:34  Zerg Ground Armor Level 1  
  74  7:02  Zergling x6  
  74  7:03  Zergling x24  
  89  7:19  Overlord x4  
  89  7:20  Overlord x2  
  89  7:32  Hatchery  
  69  8:29  Spire  
  69  8:32  Overlord x4  
  69  8:33  Overlord x3  
  68  8:54  Drone x17  
  68  8:55  Drone x13  
  93  8:56  Drone x3  
  93  9:02  Extractor  
  100  9:03  Extractor  
  88  9:48  Mutalisk x15  
  88  9:49  Mutalisk  
  120  9:56  Hatchery  
  119  10:08  Hatchery  
  118  10:20  Zergling x40  
  118  10:21  Zergling x6  
  141  10:45  Zerg Melee Weapons Level 2  
  141  10:46  Zerg Ground Armor Level 2  
  141  10:50  Zerg Flyer Armor Level 1  
  141  11:02  Baneling Nest  
  140  11:16  Mutalisk  
  140  11:17  Mutalisk x10  
  159  12:18  Mutalisk  
  159  12:19  Mutalisk x9  
  169  12:31  Nydus Network  
  146  13:29  Baneling  
  146  13:30  Baneling x22  
  146  13:31  Baneling x21  
  146  13:35  Zergling x40  
  146  13:36  Zergling x50  
  191  13:43  Extractor  
  191  13:45  Extractor  
  188  13:55  Drone x7  
  163  15:06  Baneling x4  
  163  15:07  Baneling x26  
  163  15:08  Baneling x26  
  163  15:09  Baneling x6  
  163  15:11  Zergling x20  
  163  15:12  Zergling x52  
  163  15:13  Zergling x2  
  163  15:14  Zergling x2  
  123  16:20  Mutalisk  
  123  16:21  Mutalisk x9  
  115  16:53  Zergling x32  
  115  16:54  Zergling x12  
  133  17:03  Baneling  
  133  17:04  Baneling x18  
Show
View Real Time Build Order
Export as new Build Order

TuKchero Protoss 

Build Orders: Cannon Rush 

Get SALT Encoding   

  1  0:00  Probe  
  13  0:15  Pylon  
  13  0:16  Probe  
  14  0:37  Forge  
  14  0:47  Pylon  
  14  0:55  Probe  
  15  1:14  Photon Cannon  
  15  1:16  Photon Cannon  
  15  1:25  Pylon  
  15  1:33  Pylon  
  15  1:45  Photon Cannon  
  15  1:55  Photon Cannon  
  15  2:16  Pylon  
  15  2:37  Photon Cannon x2  
  15  2:40  Photon Cannon  
  15  2:51  Photon Cannon  
  15  3:42  Probe  
  15  3:51  Probe  
  15  3:54  Gateway  
  16  3:57  Gateway  
  16  4:00  Probe  
  16  4:04  Pylon  
  16  4:06  Gateway  
  17  4:10  Gateway  
  17  4:12  Probe  
  17  4:15  Pylon  
  18  4:24  Gateway  
  18  4:34  Probe  
  18  4:35  Nexus  
  19  4:46  Assimilator  
  19  4:54  Assimilator, Probe  
  20  5:03  Probe  
  20  5:06  Assimilator  
  21  5:12  Assimilator, Probe  
  22  5:28  Zealot x3  
  28  5:34  Zealot  
  29  5:57  Photon Cannon  
  29  6:41  Pylon  
  29  6:42  Zealot x3  
  29  6:43  Zealot x2  
  39  7:06  Photon Cannon  
  39  7:08  Photon Cannon  
  39  7:09  Zealot  
  39  7:11  Photon Cannon  
  39  7:13  Photon Cannon  
  41  7:16  Pylon  
  41  7:27  Photon Cannon  
  41  7:36  Zealot  
  43  8:05  Zealot  
  43  8:06  Zealot x4  
  43  8:09  Probe  
  53  8:17  Probe  
  55  8:50  Pylon  
  35  9:34  Zealot x3  
  35  9:35  Zealot  
  43  9:45  Cybernetics Core  
  43  10:08  Warp Gate  
  43  10:13  Probe  
  44  10:21  Probe  
  45  10:31  Probe  
  46  10:43  Pylon, Probe  
  47  10:50  Pylon  
  47  10:54  Pylon  
  47  10:55  Probe  
  48  10:59  Pylon  
  48  11:03  Pylon  
  48  11:11  Gateway  
  48  11:17  Gateway  
  48  11:20  Gateway  
  48  11:22  Gateway  
  48  11:26  Gateway  
  33  11:59  Stalker x3  
  33  12:01  Stalker x2  
  23  13:17  Nexus  
  3  14:33  Probe  
  4  15:02  Probe  
  4  15:54  Probe  
  4  16:03  Probe  
  6  16:12  Probe  
  7  16:25  Probe  
  7  16:37  Probe  
Show
View Real Time Build Order
Export as new Build Order

Arostegui Protoss 

Build Orders:  

Get SALT Encoding   

  12  0:02  Probe  
  13  0:14  Probe  
  14  0:26  Probe  
  15  0:37  Pylon  
  15  0:55  Probe  
  16  0:57  Gateway  
  16  1:00  Gateway  
  16  1:06  Gateway  
  16  1:12  Forge  
  16  1:23  Assimilator  
  16  1:34  Probe  
  17  1:42  Probe  
  18  1:49  Photon Cannon  
  18  1:52  Probe  
  18  1:55  Photon Cannon  
  19  2:04  Probe  
  20  2:21  Zealot  
  22  2:47  Cybernetics Core  
  22  2:52  Photon Cannon  
  22  3:00  Photon Cannon  
  22  3:05  Probe  
  23  3:07  Pylon  
  23  3:13  Assimilator  
  23  3:25  Probe, Zealot x3  
  30  3:37  Probe  
  31  3:43  Pylon  
  31  3:59  Pylon  
  31  4:21  Photon Cannon  
  31  4:25  Photon Cannon  
  31  4:29  Photon Cannon  
  31  4:32  Probe  
  31  4:35  Warp Gate  
  32  4:38  Stalker x2  
  32  4:39  Stalker  
  32  4:44  Probe  
  39  5:02  Probe  
  40  5:07  Nexus  
  40  5:10  Pylon  
  40  5:13  Pylon  
  41  5:14  Probe  
  41  5:15  Pylon  
  41  5:36  Shield Battery  
  41  5:37  Pylon  
  41  5:42  Pylon  
  26  6:42  Stalker  
  26  6:43  Stalker x2  
  32  6:53  Probe  
  33  7:05  Photon Cannon, Probe  
  33  7:07  Photon Cannon  
  34  7:09  Photon Cannon  
  34  7:10  Stalker  
  34  7:11  Stalker x2  
  40  7:17  Photon Cannon  
  38  8:26  Pylon  
  38  8:31  Pylon  
  38  8:32  Stalker  
  38  8:33  Stalker x2  
  44  8:51  Gateway  
  44  8:52  Gateway  
  44  8:57  Gateway  
  44  9:02  Photon Cannon  
  44  9:03  Photon Cannon  
  44  9:04  Photon Cannon  
  44  9:10  Photon Cannon  
  44  9:40  Nexus  
  44  9:57  Photon Cannon  
  44  10:03  Shield Battery  
  44  10:25  Assimilator  
  44  10:29  Assimilator  
  44  10:36  Stalker  
  46  11:10  Stalker  
  46  11:11  Stalker x2  
  52  11:26  Probe  
  53  11:34  Probe  
  54  11:44  Probe  
  55  11:56  Probe  
  42  12:30  Stalker  
  42  12:31  Stalker  
  42  12:32  Stalker  
  42  12:33  Stalker  
  42  12:34  Stalker  
  42  12:35  Stalker  
  42  13:14  Stalker  
  42  13:15  Stalker x2  
  42  13:16  Stalker x2  
  42  13:17  Stalker  
  43  13:25  Pylon  
  43  13:28  Pylon  
  43  13:34  Probe  
  43  13:40  Probe  
  44  13:42  Probe  
  46  13:48  Probe  
  46  13:51  Probe  
  48  13:58  Photon Cannon, Probe  
  49  14:03  Probe  
  49  14:07  Stalker  
  52  14:10  Probe  
  52  14:15  Probe  
  54  14:19  Photon Cannon  
  54  14:22  Probe  
  55  14:48  Stalker x2  
  55  14:49  Stalker  
  8  15:52  Stalker x2  
  8  15:53  Stalker  
Show
View Real Time Build Order
Export as new Build Order

GIAN Protoss 

Build Orders:  

Get SALT Encoding   

  1  0:00  Probe  
  12  0:06  Probe  
  14  0:20  Pylon  
  14  0:26  Probe  
  15  0:38  Probe  
  15  0:42  Forge  
  16  0:51  Probe  
  17  1:03  Probe  
  18  1:05  Pylon  
  18  1:14  Pylon  
  18  1:17  Pylon  
  18  1:51  Photon Cannon  
  17  2:06  Pylon  
  17  2:15  Pylon  
  17  2:27  Photon Cannon  
  17  2:29  Photon Cannon  
  17  2:33  Photon Cannon  
  17  2:38  Photon Cannon  
  17  2:49  Pylon  
  17  2:57  Pylon  
  17  3:09  Photon Cannon  
  17  3:12  Photon Cannon  
  17  3:17  Photon Cannon  
  17  3:23  Photon Cannon  
  16  3:52  Probe  
  17  3:57  Gateway  
  17  4:04  Gateway, Probe  
  18  4:20  Probe  
  19  4:24  Assimilator  
  19  4:30  Assimilator  
  19  4:32  Probe  
  19  4:36  Photon Cannon  
  20  4:40  Photon Cannon  
  20  4:44  Probe  
  21  4:54  Nexus  
  21  4:56  Probe  
  22  5:05  Cybernetics Core  
  22  5:08  Probe  
  22  5:12  Gateway  
  23  5:20  Probe  
  24  5:31  Zealot  
  24  5:32  Probe, Zealot  
  1  7:05  Pylon  
  1  7:08  Nexus  
  1  8:18  Probe  
  1  8:26  Probe  
  3  8:35  Probe  
  4  8:47  Probe  
  5  8:59  Probe  
Tags
 
Add a new tag
Caveats
  • Supply blocks, unpowered buildings, or Contaminate may cause inaccurate times.
  • Supply counts are checked every 10 seconds.